 Dungeon Crawl Stone Soup version 0.21-a0-525-ga34b322 (webtiles) character file.

13668 Amnesiac the Archer (level 11, -2/87 HPs)
             Began as a Mummy Hunter on Dec 7, 2017.
             Was a High Priest of Okawaru.
             Slain by a yak (7 damage)
             ... on level 13 of the Dungeon.
             The game lasted 00:26:48 (15987 turns).

Amnesiac the Archer (Mummy Hunter)                 Turns: 15987, Time: 00:26:49

Health: -2/87      AC: 13    Str: 18    XL:     11   Next: 78%
Magic:  11/11      EV: 11    Int: 11    God:    Okawaru [*****.]
Gold:   639        SH:  0    Dex: 13    Spells: 10/10 levels left

rFire    . . .     SeeInvis +   a - +1 shortbow
rCold    . . .     Gourm    .   (shield currently unavailable)
rNeg     + + +     Faith    .   t - +0 chain mail "Sapsitita" {rN+ SInv}
rPois    ∞         Spirit   .   I - +0 helmet
rElec    .         Reflect  .   r - scarf {repulsion}
rCorr    .         Harm     +   o - +0 pair of gloves
MR       +....                  (no boots)
Stlth    ..........             v - amulet of harm
HPRegen  0.24/turn              A - ring of loudness
MPRegen  0.12/turn              k - ring of fire

@: studying Slings, repel missiles
A: no food or potions, fire vulnerability, cold resistance 1, negative energy
resistance 3, torment resistance, unbreathing
a: Heroism, Finesse, Renounce Religion


You were on level 13 of the Dungeon.
You worshipped Okawaru.
Okawaru was extremely pleased with you.
You were not hungry.

You visited 2 branches of the dungeon, and saw 14 of its levels.
You also visited: Sewer.

You collected 639 gold pieces.

Inventory:

Hand Weapons
 a - a +1 shortbow (weapon)
 b - a +0 whip of electrocution
 M - a +2 great mace of venom {god gift}
Missiles
 d - 62 arrows (quivered)
 y - 4 needles of confusion
Armour
 e - a +2 leather armour of cold resistance
 o - a +0 pair of gloves (worn)
 r - a scarf of repulsion (worn)
 t - the +0 chain mail "Sapsitita" (worn) {rN+ SInv}
   (You found it on level 5 of the Dungeon)

   It protects you from negative energy.
   It lets you see invisible.
 B - a +0 chain mail of cold resistance
 E - +0 acid dragon scales
 I - a +0 helmet (worn)
Jewellery
 h - an uncursed ring of resist corrosion
 j - a +3 ring of strength
 k - a ring of fire (right hand)
 m - an uncursed ring of see invisible
 v - an amulet of harm (around neck)
 A - a ring of loudness (left hand)
 D - the amulet of Refeeq {Harm *Corrode *Drain rElec rF+++ Str+3}
   (You found it on level 8 of the Dungeon)

   [amulet of harm]

   It increases damage dealt and taken.
   It affects your strength (+3).
   It renders you almost immune to fire.
   It insulates you from electricity.
   It may corrode you when you take damage.
   It causes draining when unequipped.
 G - a +5 ring of dexterity
 L - a cursed ring of wizardry {unknown}
Wands
 n - a wand of flame (50)
 x - a wand of digging (7)
 C - a wand of random effects (34)
 F - a wand of paralysis (13)
 O - a wand of polymorph (15)
Scrolls
 c - 4 scrolls of identify {!r}
 f - 7 scrolls of teleportation {!r}
 g - 2 scrolls of enchant weapon {!r}
 i - 5 scrolls of amnesia {!r}
 l - 2 scrolls of blinking {!r}
 q - 5 scrolls of enchant armour {!r}
 s - 2 scrolls of magic mapping {!r}
 u - a scroll of torment {!r}
 z - 3 scrolls of fog {!r}
 J - a scroll of remove curse {!r}
Books
 p - a book of Callings

   Spells                             Type                      Level
   a - Summon Small Mammal            Summoning                    1
   b - Call Imp                       Summoning                    2
   c - Call Canine Familiar           Summoning                    3
   d - Summon Guardian Golem          Hexes/Summoning              3
   e - Summon Lightning Spire         Summoning/Air                4
   f - Summon Ice Beast               Ice/Summoning                4
 w - a book of Maledictions

   Spells                             Type                      Level
   a - Corona                         Hexes                        1
   b - Ensorcelled Hibernation        Hexes/Ice                    2
   c - Confuse                        Hexes                        3
   d - Tukima's Dance                 Hexes                        3
   e - Dazzling Spray                 Conjuration/Hexes            3
 H - a manual of Slings


   Skills:
 + Level 8.8 Fighting
 * Level 10.6 Bows
 + Level 7.4 Armour
 + Level 7.3 Dodging
 - Level 0.7 Stealth


You had 10 spell levels left.
You didn't know any spells.

Dungeon Overview and Level Annotations

Branches:
Dungeon (13/15)            Temple (1/1) D:4            Lair (0/6) D:8
    Orc (0/2) D:11
 Vaults: D:13-14

Altars:
Ashenzari
Cheibriados
Dithmenos
Elyvilon
Fedhas
Gozag
Hepliaklqana
Kikubaaqudgha
Makhleb
Nemelex Xobeh
Okawaru
Qazlal
Ru
Sif Muna
Trog
Uskayaw
Vehumet
Wu Jian
Xom
Yredelemnul
Zin
The Shining One

Shops:
D:4 =   D:8 ?   D:9 }

Annotations:
D:10 Ketzopolo's ghost, novice MiBe


Innate Abilities, Weirdness & Mutations

You do not eat or drink.
Your flesh is vulnerable to fire.
You are immune to poison.
Your flesh is cold resistant. (rC+)
You are immune to negative energy. (rN+++)
You are immune to unholy pain and torment.
You can survive without breathing.


Message History

You kill the yak!
Okawaru accepts your kill. Something appears at your feet!
Okawaru grants you ammunition!
Firing (i - inventory):
d - 71 arrows (quivered)
Press: ? - help, Shift-Dir - straight line, f - yak
Aim: a yak (moderately wounded)
You shoot an arrow. The arrow hits the yak.
The yak is moderately wounded.
The yak barely misses you.
Firing (i - inventory):
d - 70 arrows (quivered)
Press: ? - help, Shift-Dir - straight line, f/p - yak
Aim: a yak (moderately wounded)
You shoot an arrow. The arrow hits the yak.
The yak is heavily wounded.
The yak gores you!
* * * LOW HITPOINT WARNING * * *
Firing (i - inventory):
d - 69 arrows (quivered)
Press: ? - help, Shift-Dir - straight line, f/p - yak
Aim: a yak (heavily wounded)
You shoot an arrow. The arrow hits the yak!
The yak is almost dead.
Firing (i - inventory):
d - 68 arrows (quivered)
Press: ? - help, Shift-Dir - straight line, f/p - yak
Aim: a yak (almost dead)
You shoot an arrow. The arrow hits the yak!
You kill the yak!
Okawaru accepts your kill.
Firing (i - inventory):
d - 67 arrows (quivered)
Press: ? - help, Shift-Dir - straight line, f - yak
Aim: a yak You shoot an arrow.
The arrow hits the yak but does no damage.
The yak gores you!
* * * LOW HITPOINT WARNING * * *
Firing (i - inventory):
d - 66 arrows (quivered)
Press: ? - help, Shift-Dir - straight line, f/p - yak
Aim: a yak You shoot an arrow.
The arrow barely misses the yak.
Firing (i - inventory):
d - 65 arrows (quivered)
Press: ? - help, Shift-Dir - straight line, f/p - yak
Aim: a yak You shoot an arrow.
The arrow hits the yak!
The yak is heavily wounded.
The yak gores you!
* * * LOW HITPOINT WARNING * * *
You are too injured to fight recklessly!
You are too injured to fight recklessly!
You are too injured to fight recklessly!
You are too injured to fight recklessly!
Firing (i - inventory):
d - 64 arrows (quivered)
Press: ? - help, Shift-Dir - straight line, f/p - yak
Aim: a yak (heavily wounded)
You shoot an arrow. The arrow hits the yak.
The yak is severely wounded.
The yak gores you!
* * * LOW HITPOINT WARNING * * *
Firing (i - inventory):
d - 63 arrows (quivered)
Press: ? - help, Shift-Dir - straight line, f/p - yak
Aim: a yak (severely wounded)
You shoot an arrow. The arrow hits the yak!
The yak is almost dead.
The yak gores you.
You die...

(# ###(#
##((.##
#.(...#
#.((..#
#..(..#
##)..##
##Y## #@#
#.......#
#.#####..
#.# ..#
#.# #.#
#.$


You could see a yak.

Vanquished Creatures
  A two-headed ogre (D:11)
  Nergalle (D:11)
  Pikel (D:7)
  2 cyclopes (D:11)
  A kobold demonologist (D:12)
  2 centaur skeletons (D:11)
  A troll (D:12)
  A meliai zombie (D:12)
  3 hippogriffs
  A vampire (D:11)
  A shadow (D:12)
  A wraith (D:11)
  20 yaks
  A basilisk (D:8)
  A wyvern (D:12)
  3 hungry ghosts
  Eustachio (D:6)
  3 vampire mosquitoes
  An acid dragon (D:12)
  A water moccasin (D:9)
  3 slaves (D:7)
  5 ice beasts
  3 orc warriors
  A sky beast (D:8)
  A black bear (D:6)
  2 phantoms (D:11)
  3 necrophages
  4 ogres
  5 centaurs
  A crocodile (D:8)
  5 big kobolds
  5 bullfrogs
  A wyvern skeleton (D:6)
  2 scorpions
  2 troll zombies (D:11)
  5 killer bees
  A wight (D:7)
  2 howler monkeys
  4 crimson imps
  A bullfrog zombie (D:5)
  A bullfrog skeleton (D:7)
  4 hounds
  3 orc priests
  11 orc wizards
  2 iguanas
  Terence (D:3)
  4 worker ants
  Natasha (thrice) (D:3 D:4)
  4 ogre zombies (D:11)
  A hound zombie (D:7)
  A mummy (D:7)
  A hound skeleton (D:4)
  A worker ant zombie (D:6)
  2 howler monkey skeletons
  A howler monkey zombie (D:8)
  3 gnolls (D:7)
  7 adders
  A river rat (Sewer)
  3 shadow imps
  2 adder skeletons
  An adder zombie (D:8)
  4 worms
  2 dart slugs
  2 leopard geckos
  42 orcs
  3 ball pythons
  A giant cockroach (D:7)
  4 hobgoblins
  13 jackals
  3 quokkas
  A ball python skeleton (D:3)
  8 bats
  6 frilled lizards
  9 goblins
  2 goblin skeletons (D:11)
  2 goblin zombies (D:11)
  2 hobgoblin skeletons (D:11)
  20 kobolds
  A leopard gecko skeleton (D:7)
  2 leopard gecko zombies
  2 orc skeletons (D:11)
  11 orc zombies (D:11)
  11 rats
  A withered plant (D:7)
312 creatures vanquished.

Vanquished Creatures (collateral kills)
  An orc warrior (D:9)
1 creature vanquished.

Vanquished Creatures (others)
  A slave (D:7)
1 creature vanquished.

Grand Total: 314 creatures vanquished

Notes
Turn   | Place    | Note
-------+----------+-------------------------------------------
     0 | D:1      | Amnesiac the Mummy Hunter began the quest for the Orb.
     0 | D:1      | Reached XP level 1. HP: 16/16 MP: 1/1
     4 | D:1      | Noticed an electric eel
   105 | D:1      | Reached skill level 1 in Armour
   125 | D:1      | Reached XP level 2. HP: 22/22 MP: 2/2
   556 | D:2      | Reached XP level 3. HP: 17/27 MP: 3/3
  1238 | D:3      | Noticed Natasha
  1253 | D:3      | Killed Natasha
  1253 | D:3      | Reached XP level 4. HP: 5/34 MP: 4/4
  1840 | D:3      | Noticed Natasha
  1847 | D:3      | Killed Natasha
  1847 | D:3      | Reached skill level 4 in Bows
  1847 | D:3      | Reached XP level 5. HP: 28/39 MP: 5/5
  1905 | D:3      | Noticed Terence
  1919 | D:3      | Killed Terence
  2078 | D:3      | Noticed an ogre
  2097 | D:3      | Killed an ogre
  2097 | D:3      | Reached XP level 6. HP: 28/47 MP: 6/6
  3580 | D:4      | Found a staircase to the Ecumenical Temple.
  3590 | Temple   | Entered the Ecumenical Temple
  3697 | Temple   | Became a worshipper of Warmaster Okawaru
  3774 | D:4      | Found Gisaibeic's Jewellery Boutique.
  3925 | D:4      | Noticed Natasha
  3927 | D:4      | Killed Natasha
  4258 | D:5      | Entered Level 5 of the Dungeon
  4316 | D:5      | Got a bloodstained chain mail
  4342 | D:5      | Identified the cursed +0 chain mail "Sapsitita" {rN+ SInv} (You found it on level 5 of the Dungeon)
  4459 | D:5      | Noticed an ice beast
  4463 | D:5      | Reached skill level 5 in Bows
  4463 | D:5      | Reached XP level 7. HP: 53/53 MP: 7/7
  4493 | D:5      | Reached * piety under Okawaru
  5003 | D:6      | Noticed Eustachio
  5068 | D:6      | Killed Eustachio
  5233 | D:6      | Found a hazy altar of Hepliaklqana.
  5454 | D:6      | Reached XP level 8. HP: 48/61 MP: 8/8
  5546 | D:6      | Found a glowing drain.
  5579 | Sewer    | Entered a sewer
  5731 | Sewer    | Found a white marble altar of Elyvilon.
  6160 | D:7      | Noticed Pikel
  6160 | D:7      | Reached skill level 6 in Bows
  6177 | D:7      | Killed Pikel
  6177 | D:7      | Reached ** piety under Okawaru
  6177 | D:7      | Reached skill level 5 in Fighting
  6614 | D:7      | Reached XP level 9. HP: 52/68 MP: 9/9
  6619 | D:7      | Reached skill level 7 in Bows
  7039 | D:7      | Reached *** piety under Okawaru
  7792 | D:8      | Found Ogheefepp's Magic Scroll Emporium.
  7828 | D:8      | Reached skill level 5 in Armour
  7914 | D:8      | Reached skill level 5 in Dodging
  8388 | D:8      | Found a staircase to the Lair.
  8388 | D:8      | Noticed an elephant
  8615 | D:8      | Reached skill level 8 in Bows
  9720 | D:8      | Got a translucent ivory amulet
  9835 | D:9      | Found Loifib's Gadget Emporium.
  9901 | D:9      | Reached XP level 10. HP: 52/77 MP: 10/10
 10203 | D:9      | Reached **** piety under Okawaru
 10301 | D:9      | Identified the amulet of Refeeq {Harm *Corrode *Drain rElec rF+++ Str+3} (You found it on level 8 of the Dungeon)
 10447 | D:9      | HP: 1/77 [orc warrior/halberd (8)]
 10481 | D:9      | Noticed a two-headed ogre
 11159 | D:10     | Entered Level 10 of the Dungeon
 11248 | D:10     | Reached skill level 9 in Bows
 11349 | D:10     | Found a deep blue altar of Sif Muna.
 11596 | D:10     | Noticed Ketzopolo's ghost (novice MiBe)
 12079 | D:10     | You fall through a shaft for 2 floors!
 12079 | D:12     | Identified a paperback manual
 12143 | D:12     | Noticed a red ugly thing
 12675 | D:12     | Reached ***** piety under Okawaru
 12713 | D:12     | Noticed a rust devil
 12727 | D:12     | Noticed a rust devil
 12797 | D:11     | Received a gift from Okawaru
 12851 | D:11     | Noticed a two-headed ogre
 12866 | D:11     | Killed a two-headed ogre
 12866 | D:11     | Reached XP level 11. HP: 18/86 MP: 11/11
 13296 | D:11     | Found a staircase to the Orcish Mines.
 13622 | D:11     | Noticed Nergalle
 14123 | D:11     | Received a gift from Okawaru
 14123 | D:11     | Reached skill level 10 in Bows
 14362 | D:11     | Killed Nergalle
 15927 | D:12     | Noticed a deep elf mage
 15928 | D:12     | Noticed a two-headed ogre
 15978 | D:13     | Received a gift from Okawaru
 15987 | D:13     | Slain by a yak

Vault maps used:
D:1:      arrival_aquarium_a
D:2:      cheibrodos_helix_gallery
D:3:      kennysheep_big_flooded_room, st_stairs_10, uniq_natasha, uniq_terence
D:4:      minmay_temple_entry_mist, serial_shops, shop
D:5:      first_bread, st_stairs_3, minmay_misc_feat_four_crosses,
          kennysheep_generic_room_10
D:6:      overflow_temple_1_default, cheibrodos_sewer_entry_bend, uniq_eustachio
D:7:      serial_undead, serial_undead_b, serial_undead_a, serial_undead_a,
          serial_undead_f, uniq_pikel
D:8:      david_lair_generic, serial_shops, nicolae_shop_waterfront
D:9:      enter_bailey_3, serial_shops, shop
D:10:     kennysheep_orc_sif_temple
D:11:     zombieorc1_lemuel, uniq_nergalle
D:12:     grunt_tengu_nest, grunt_decor_arrowhead
D:13:     basic_altar
Temple:   kilobyte_greek_temple
Sewer:    sewer_kobolds

Skill      XL: |  1  2  3  4  5  6  7  8  9 10 11 |
---------------+----------------------------------+-----
Armour         | 1 2 3 4 5 6 7 |  7.4
Dodging        | 2 3 4 5 6 7 |  7.3
Bows           | 4 5 6 8 9 10 | 10.6
Fighting       | 3 4 5 6 7 8 |  8.8
Stealth        | |  0.7

Action                   |  1- 3 |  4- 6 |  7- 9 | 10-12 || total
-------------------------+-------+-------+-------+-------++-------
Melee: Short sword       |   109 |       |   138 |       ||   247
       Whip              |       |       |   139 |    38 ||   177
       Great mace        |       |       |       |     8 ||     8
 Fire: Shortbow          |    38 |   165 |   354 |   775 ||  1332
Throw: Throwing net      |       |       |       |     1 ||     1
Invok: Heroism           |       |       |       |     1 ||     1
  Use: Scroll            |       |       |     9 |    11 ||    20
Armor: Leather armour    |    49 |    13 |       |       ||    62
       Chain mail        |       |    12 |   290 |   234 ||   536
Dodge: Dodged            |   102 |    45 |   234 |   283 ||   664
       Deflected         |       |       |    12 |    19 ||    31

Table legend:
 A = Spawn XP
 B = Non-spawn XP
 C = Spawn XP percentage of total XP
 D = Spawn monster count
 E = Non-spawn monster count
 F = Spawn count percentage of total count
 G = Total turns spent on level
                    A         B        C        D         E        F      G
               +---------+---------+-------+---------+---------+-------+---------
         Total |       0 |   19527 |   0.0 |       0 |     309 |   0.0 | 15987
               +---------+---------+-------+---------+---------+-------+---------
           D:1 |       0 |      34 |   0.0 |       0 |      23 |   0.0 |   536
           D:2 |       0 |      51 |   0.0 |       0 |      16 |   0.0 |   693
           D:3 |       0 |     305 |   0.0 |       0 |      26 |   0.0 |  2323
           D:4 |       0 |     182 |   0.0 |       0 |      11 |   0.0 |   753
           D:5 |       0 |     535 |   0.0 |       0 |      17 |   0.0 |   753
           D:6 |       0 |     422 |   0.0 |       0 |      10 |   0.0 |   901
           D:7 |       0 |    1942 |   0.0 |       0 |      32 |   0.0 |  2118
           D:8 |       0 |    1660 |   0.0 |       0 |      26 |   0.0 |  1429
           D:9 |       0 |    2440 |   0.0 |       0 |      31 |   0.0 |  1319
          D:10 |       0 |    1364 |   0.0 |       0 |      13 |   0.0 |  1126
          D:11 |       0 |    6414 |   0.0 |       0 |      56 |   0.0 |  2723
          D:12 |       0 |    3401 |   0.0 |       0 |      31 |   0.0 |   940
          D:13 |       0 |     655 |   0.0 |       0 |       6 |   0.0 |    39
         Sewer |       0 |     122 |   0.0 |       0 |      11 |   0.0 |   188
               +---------+---------+-------+---------+---------+-------+---------
